Map: Eastwatch LE

Players

Dark - Winner!

  • Race: Zerg Zerg
  • Spawn Location: 1:00

Reynor

  • Race: Zerg Zerg
  • Spawn Location: 7:00

Event: WESG 2017 Haikou

VOD

Have the link to the VOD?

Description

Time

  • Played on: March 15, 2018, 1:51 a.m.
  • Length: 10:18

All games in this series

Show
View Real Time Build Order
Export as new Build Order

Dark Zerg - Winner!

Build Orders: 3 Hatch before Pool, Zergling Baneling 

Get SALT Encoding   

  12  0:00  Drone  
  13  0:13  Overlord  
  13  0:16  Drone  
  14  0:31  Drone x2  
  16  0:35  Drone  
  17  0:51  Hatchery  
  17  0:55  Drone  
  17  1:03  Drone  
  18  1:18  Hatchery  
  17  1:22  Drone  
  17  1:24  Extractor  
  17  1:36  Spawning Pool  
  17  1:39  Drone  
  17  1:43  Drone  
  17  1:46  Drone  
  19  1:54  Drone  
  20  2:04  Drone  
  20  2:05  Drone  
  22  2:12  Drone  
  22  2:14  Drone  
  24  2:24  Queen x2  
  28  2:30  Zergling x2  
  28  2:31  Zergling x4  
  31  2:37  Baneling Nest  
  30  2:44  Metabolic Boost  
  30  2:47  Zergling x2  
  30  2:48  Drone  
  30  2:49  Drone  
  33  2:55  Overlord  
  34  3:05  Drone  
  34  3:13  Queen  
  34  3:14  Drone x2  
  34  3:15  Drone x2  
  40  3:23  Zergling x4  
  42  3:32  Overlord  
  42  3:35  Baneling x2  
  42  3:36  Baneling  
  42  3:41  Zergling x2  
  42  3:43  Baneling  
  41  3:50  Baneling  
  41  3:54  Zergling x2  
  41  3:55  Zergling x18  
  49  4:02  Zergling x2  
  49  4:04  Zergling x2  
  49  4:09  Zergling x2  
  50  4:16  Zergling x4  
  49  4:17  Baneling x2  
  49  4:24  Zergling x6  
  48  4:26  Zergling x4  
  48  4:27  Zergling x2  
  48  4:30  Zergling x2  
  46  4:35  Baneling  
  45  4:40  Queen  
  45  4:43  Baneling, Zergling x2  
  45  4:44  Zergling x4  
  49  4:46  Baneling  
  49  4:49  Baneling x2  
  49  4:59  Overlord  
  49  5:04  Queen  
  47  5:16  Queen  
  47  5:18  Zergling x16  
  54  5:24  Queen  
  54  5:28  Zergling x4  
  57  5:31  Baneling x2  
  56  5:41  Baneling x2  
  55  5:43  Zergling x6  
  56  6:05  Zergling x4  
  56  6:10  Baneling x3  
  57  6:11  Drone  
  58  6:20  Overlord  
  58  6:21  Overlord  
  58  6:28  Overlord  
  55  6:37  Overlord x2  
  54  6:44  Baneling x2  
  52  6:48  Zergling x16  
  52  6:53  Drone x2  
  62  7:00  Baneling  
  62  7:03  Drone x3  
  62  7:07  Extractor  
  64  7:09  Zergling x6  
  64  7:10  Baneling  
  64  7:11  Baneling  
  64  7:12  Zergling x6  
  69  7:18  Zergling x6  
  69  7:19  Spine Crawler  
  70  7:28  Zergling x2  
  70  7:29  Zergling x4  
  73  7:31  Baneling  
  73  7:32  Baneling x2  
  72  7:42  Zergling x10  
  70  7:45  Zergling x4  
  70  7:46  Zergling x4  
  70  7:47  Zergling x4  
  70  7:48  Baneling x2  
  74  7:53  Zergling x4  
  74  7:56  Baneling  
  75  8:00  Drone  
  75  8:01  Baneling  
  75  8:04  Drone x2  
  78  8:12  Zergling x6  
  73  8:13  Zergling x2  
  73  8:19  Roach Warren, Baneling x2  
  72  8:27  Zergling x6  
  72  8:29  Drone  
  72  8:30  Drone x2  
  76  8:39  Zergling x12  
  63  8:51  Zergling x12  
  63  8:53  Zergling x2  
  53  9:04  Zergling x4  
  53  9:05  Zergling x6  
  53  9:08  Zergling x4  
  51  9:14  Zergling x4  
  51  9:16  Zergling x2  
  48  9:18  Baneling  
  48  9:19  Zergling x2  
  48  9:22  Zergling x2  
  47  9:26  Zergling x4  
  49  9:33  Roach  
  49  9:34  Roach  
  49  9:36  Roach  
  55  9:39  Baneling x2  
  54  9:49  Roach x2  
  54  9:52  Zergling x4  
  51  9:58  Zergling x2  
Show
View Real Time Build Order
Export as new Build Order

Reynor Zerg 

Build Orders: Hatch First 

Get SALT Encoding   

  12  0:01  Drone  
  13  0:12  Overlord  
  13  0:17  Drone  
  14  0:30  Drone x2  
  14  0:34  Drone  
  17  0:53  Hatchery  
  17  0:55  Drone  
  17  1:09  Spawning Pool  
  16  1:12  Drone  
  16  1:18  Extractor, Drone  
  17  1:31  Drone  
  18  1:34  Overlord  
  18  1:56  Queen, Zergling x4  
  22  2:02  Zergling x2  
  22  2:04  Queen  
  22  2:05  Drone  
  26  2:13  Drone  
  27  2:20  Metabolic Boost  
  27  2:24  Drone  
  28  2:30  Zergling x4  
  30  2:40  Baneling Nest  
  30  2:41  Drone  
  30  2:42  Overlord  
  30  2:45  Zergling x2  
  30  2:50  Zergling x2  
  32  2:55  Zergling x2  
  33  2:59  Zergling x2  
  33  3:05  Zergling x6  
  37  3:10  Zergling x4  
  39  3:16  Zergling x6  
  42  3:23  Zergling x2  
  42  3:24  Baneling x3  
  42  3:26  Zergling x2  
  43  3:30  Overlord  
  43  3:43  Zergling x2  
  43  3:48  Drone x2  
  43  3:50  Drone x2  
  44  3:59  Zergling x6  
  44  4:04  Zergling x6  
  46  4:10  Zergling x2  
  46  4:14  Baneling  
  46  4:16  Zergling x2  
  46  4:23  Zergling x4  
  46  4:24  Hatchery  
  41  4:32  Zergling x2  
  41  4:36  Zergling x2  
  39  4:43  Baneling x3  
  39  4:44  Zergling x4  
  41  4:47  Zergling x2  
  41  4:48  Zergling x4  
  43  4:55  Zergling x2  
  43  4:59  Zergling x2  
  45  5:00  Queen  
  47  5:08  Overlord  
  47  5:11  Zergling x8  
  49  5:16  Zergling x6  
  49  5:18  Baneling x2  
  49  5:21  Zergling x2  
  51  5:23  Zergling x2  
  49  5:30  Zergling x2  
  49  5:33  Zergling x2  
  47  5:40  Zergling x2  
  44  5:45  Drone x3  
  44  5:47  Extractor, Zergling x6  
  44  5:48  Roach Warren  
  44  5:49  Baneling x2  
  47  5:52  Zergling x6  
  50  5:59  Drone x2  
  50  6:02  Overlord  
  51  6:09  Drone x2  
  50  6:13  Drone x4  
  52  6:25  Overlord  
  52  6:30  Roach x2  
  52  6:31  Roach x3  
  59  6:33  Drone  
  59  6:37  Roach  
  63  6:40  Roach  
  63  6:43  Roach  
  63  6:46  Drone  
  64  6:48  Roach  
  64  6:51  Baneling  
  64  6:52  Roach  
  68  6:55  Roach  
  68  6:56  Roach  
  68  6:57  Zergling x2  
  68  6:58  Zergling x2  
  68  7:00  Zergling x2  
  75  7:03  Zergling x2  
  75  7:06  Roach  
  75  7:08  Roach  
  80  7:10  Zergling x2  
  80  7:13  Overlord  
  81  7:16  Zergling x2  
  81  7:18  Overlord  
  82  7:22  Overlord  
  82  7:32  Zergling x4  
  82  7:33  Zergling x8  
  82  7:35  Zergling x2  
  88  7:40  Roach x2  
  80  7:45  Zergling x8  
  80  7:47  Zergling x4  
  80  7:56  Zergling x4  
  80  7:58  Zergling x2  
  73  8:09  Zergling x4  
  73  8:10  Zergling x2  
  75  8:17  Ravager  
  75  8:18  Ravager x3, Baneling x2  
  75  8:19  Zergling x4  
  81  8:24  Zergling x2  
  82  8:28  Zergling x4  
  82  8:32  Zergling x2  
  85  8:38  Zergling x2  
  76  8:44  Zergling x4  
  71  8:48  Zergling x4  
  71  8:49  Zergling x2  
  71  8:50  Zergling x2  
  71  8:53  Zergling x2  
  63  8:56  Zergling x2  
  63  9:01  Zergling x4  
  57  9:06  Zergling x2  
  53  9:10  Zergling x2  
  53  9:13  Zergling x2  
  53  9:14  Ravager  
  53  9:15  Ravager  
  53  9:16  Zergling x2  
  54  9:22  Queen, Zergling x2  
  51  9:24  Baneling x2  
  51  9:28  Zergling x2  
  51  9:30  Zergling x2  
  44  9:33  Baneling x2  
  44  9:34  Zergling x2  
  44  9:38  Zergling x2  
  45  9:50  Zergling x4  
  45  9:51  Zergling x2  
  43  9:55  Baneling x2  
  43  9:57  Zergling x2  
Tags
 
Add a new tag
Caveats
  • Supply blocks, unpowered buildings, or Contaminate may cause inaccurate times.
  • Supply counts are checked every 10 seconds.